AoeStats
← Aloxen

Arena

510637516Analyzed
1v1 RM · 16h ago on Oct 1, 2026· 17m 36s· 2 players
Game mode
Random Map
Map size
Tiny (2 player)
Population
200
Speed
Normal
Resources
Standard
Victory
Conquest
Starting age
Dark Age
Ending age
Imperial Age
RankedLock teamsTeams togetherTeam positionsShared explorationLock speedFull tech treeHidden civsTurbo modeCheats
Victory
Defeat
🇪🇸 Spanish · Spain
1231
+15
🇩🇪 Portuguese · Germany
1207
-15
onliner98
10:37 Feudal Age
12:31 Double-Bit Axe
13:22 Bloodlines
15:22 Castle Age
13:50 Scale Barding Armor
15:03 Bloodlines
14:55 Horse Collar
Aloxen
7:13 Loom
9:55 Feudal Age
13:34 Castle Age
15:31 Double-Bit Axe
Connection lost

Rejoining the realm…

Still unreachable

The connection could not be restored.

Session expired

The server has moved on; the page needs a fresh start.